[Event "39th Olympiad Khanty-Mansiysk 2010"]
[Site "Khanty-Mansiysk/Russia"]
[Date "2010.09.21"]
[Round "1"]
[White "Muzychuk, Mariya"]
[Black "Solis, Gabriela"]
[Result "1-0"]
[WhiteElo "2464"]
[BlackElo "1934"]
[PlyCount "63"]
[EventDate "2010.??.??"]
[WhiteTeam "Ukraine"]
[BlackTeam "Bolivia"]
[WhiteTeamCountry "UKR"]
[BlackTeamCountry "BOL"]
[TimeControl "40/5400+30:1800+30"]

1. e4 d5 2. exd5 Qxd5 3. Nc3 Qa5 4. d4 Nf6 5. Nf3 c6 6. Bc4 Bf5 7. Bd2 e6 8.
Qe2 Bb4 9. O-O-O Nbd7 10. Ne5 Bxc3 11. Bxc3 Qc7 12. g4 Bg6 13. h4 Be4 14. f3
Bd5 15. Rhe1 Nxe5 16. dxe5 Bxc4 17. Qxc4 Nd5 18. Bd2 O-O-O 19. h5 h6 20. Qe4
Kb8 21. f4 Rhe8 22. f5 Ka8 23. c4 Nb6 24. f6 gxf6 25. Bxh6 fxe5 26. Bg7 Rxd1+
27. Rxd1 Nd7 28. h6 Nf8 29. Qxe5 Qxe5 30. Bxe5 Nh7 31. Rd7 Ng5 32. Bf6 1-0

[Event "39th Olympiad Khanty-Mansiysk 2010"]
[Site "Khanty-Mansiysk/Russia"]
[Date "2010.09.21"]
[Round "1"]
[White "Cubas, Jose Fernando"]
[Black "Vachier-Lagrave, Maxime"]
[Result "1/2-1/2"]
[WhiteElo "2463"]
[BlackElo "2721"]
[PlyCount "130"]
[EventDate "2010.??.??"]
[WhiteTeam "Paraguay"]
[BlackTeam "France"]
[WhiteTeamCountry "PAR"]
[BlackTeamCountry "FRA"]
[TimeControl "40/5400+30:1800+30"]

1. e4 c5 2. Nf3 d6 3. d4 cxd4 4. Nxd4 Nf6 5. Nc3 Nc6 6. Be2 e5 7. Nf3 h6 8. O-O
Be6 9. Re1 Be7 10. Bf1 O-O 11. b3 Rc8 12. Bb2 Nh7 13. a3 f5 14. exf5 Bxf5 15.
Nd5 Nf6 16. Bd3 Be6 17. Bc4 Nxd5 18. Bxd5 Qd7 19. Qd3 Kh8 20. Rad1 Bxd5 21.
Qxd5 Qf5 22. Qd3 Qh5 23. c4 Nd8 24. Bxe5 Rxf3 25. Bxg7+ Kxg7 26. Rxe7+ Rf7 27.
Qd4+ Kh7 28. Re8 Rg7 29. Qe4+ Qg6 30. Rxd6 Qxe4 31. Rxe4 Nf7 32. Rf6 Rd8 33. h4
Rd1+ 34. Kh2 Rd6 35. Rf3 Nd8 36. g4 Re6 37. Rxe6 Nxe6 38. Kg3 Nd4 39. Rd3 Rd7
40. Kg2 Kg6 41. b4 Kf6 42. f3 Ke7 43. Kh3 Nc2 44. Rc3 Rd2 45. c5 Nd4 46. Re3+
Kf6 47. a4 Ne6 48. Kg3 Rd4 49. Rb3 h5 50. a5 Rc4 51. a6 bxa6 52. Ra3 Nc7 53.
Rd3 Nb5 54. Rd5 hxg4 55. fxg4 Rxb4 56. h5 Nd4 57. Rd6+ Ne6 58. Rxa6 Rb7 59. Kh4
Rc7 60. g5+ Kf5 61. c6 Nc5 62. Ra1 Nd3 63. Rf1+ Nf4 64. Kg3 Kxg5 65. Rxf4 Rxc6
1/2-1/2

[Event "39th Olympiad Khanty-Mansiysk 2010"]
[Site "Khanty-Mansiysk/Russia"]
[Date "2010.09.21"]
[Round "1"]
[White "Berbatov, Kiprian"]
[Black "Chatterjee, Debaraj"]
[Result "1-0"]
[WhiteElo "2461"]
[BlackElo "2288"]
[PlyCount "79"]
[EventDate "2010.??.??"]
[WhiteTeam "Bulgaria"]
[BlackTeam "Bangladesh"]
[WhiteTeamCountry "BUL"]
[BlackTeamCountry "BAN"]
[TimeControl "40/5400+30:1800+30"]

1. e4 d5 2. exd5 Qxd5 3. Nc3 Qa5 4. d4 Nf6 5. Nf3 c6 6. Bc4 Bf5 7. Bd2 e6 8.
Qe2 Bb4 9. O-O-O Nbd7 10. Kb1 Nb6 11. Bb3 Bxc3 12. Bxc3 Qb5 13. Qxb5 cxb5 14.
Rhe1 O-O 15. Re5 Nbd5 16. Nh4 Bg6 17. Nxg6 hxg6 18. Bd2 Rfc8 19. c3 a6 20. Bc2
Rc6 21. Bd3 Rac8 22. Rc1 Nd7 23. Re2 N7b6 24. Be4 a5 25. b3 Nxc3+ 26. Rxc3 Rxc3
27. Bxc3 Rxc3 28. Rc2 Nd5 29. Bxd5 Rxc2 30. Kxc2 exd5 31. b4 b6 32. a4 bxa4 33.
bxa5 bxa5 34. Kb2 Kf8 35. Ka3 Ke7 36. Kxa4 Kd7 37. Kxa5 Kc6 38. h4 f6 39. g4 g5
40. hxg5 1-0

[Event "39th Olympiad Khanty-Mansiysk 2010"]
[Site "Khanty-Mansiysk/Russia"]
[Date "2010.09.21"]
[Round "1"]
[White "Michiels, Bart"]
[Black "Amonatov, Farrukh"]
[Result "0-1"]
[WhiteElo "2459"]
[BlackElo "2602"]
[PlyCount "76"]
[EventDate "2010.??.??"]
[WhiteTeam "Belgium"]
[BlackTeam "Tajikistan"]
[WhiteTeamCountry "BEL"]
[BlackTeamCountry "TJK"]
[TimeControl "40/5400+30:1800+30"]

1. e4 c5 2. Nf3 d6 3. d4 cxd4 4. Nxd4 Nf6 5. Nc3 a6 6. Bc4 e6 7. O-O Be7 8. a4
Nc6 9. Be3 O-O 10. Qe2 Qc7 11. f4 Nxd4 12. Bxd4 e5 13. Be3 Be6 14. Nd5 Bxd5 15.
exd5 Rac8 16. Bb3 Nd7 17. f5 Nc5 18. Bxc5 Qxc5+ 19. Kh1 Bf6 20. c3 Qb6 21. Ba2
e4 22. Rf4 Rfe8 23. Bb1 e3 24. Be4 Re5 25. Bf3 Rce8 26. Re1 Qd8 27. Qd3 Qd7 28.
Re2 Bg5 29. Rb4 a5 30. Rb5 Rxf5 31. Rxa5 g6 32. Qb5 Qe7 33. Kg1 Bh4 34. Qc4
Bf2+ 35. Kh1 Qf6 36. Qg4 Rf4 37. Qd7 Rd8 38. Qh3 Rh4 0-1

[Event "39th Olympiad Khanty-Mansiysk 2010"]
[Site "Khanty-Mansiysk/Russia"]
[Date "2010.09.21"]
[Round "1"]
[White "Kurmann, Oliver"]
[Black "Kantinti, Shadrack"]
[Result "1-0"]
[WhiteElo "2452"]
[BlackElo "2158"]
[PlyCount "69"]
[EventDate "2010.??.??"]
[WhiteTeam "Switzerland"]
[BlackTeam "Uganda"]
[WhiteTeamCountry "SUI"]
[BlackTeamCountry "UGA"]
[TimeControl "40/5400+30:1800+30"]

1. e4 c5 2. Nf3 Nc6 3. Nc3 Nf6 4. Bb5 Qc7 5. O-O e6 6. Re1 a6 7. Bxc6 dxc6 8.
e5 Nd5 9. Ne4 b5 10. d3 Bb7 11. c4 Nb6 12. Qe2 h6 13. Bf4 Nd7 14. Nd6+ Bxd6 15.
exd6 Qa5 16. Ne5 Nxe5 17. Qxe5 Rg8 18. Qxc5 Kd7 19. a4 Qd8 20. b3 Qc8 21. h4 g5
22. hxg5 hxg5 23. Bxg5 Rg6 24. Bf4 b4 25. a5 Rb8 26. Re3 Qg8 27. Rg3 Rxg3 28.
Bxg3 Ba8 29. Re1 Rb7 30. d4 Qg4 31. Kh2 Qg7 32. f3 Qh6+ 33. Kg1 Qd2 34. Re4
Qd1+ 35. Kh2 1-0

[Event "39th Olympiad Khanty-Mansiysk 2010"]
[Site "Khanty-Mansiysk/Russia"]
[Date "2010.09.21"]
[Round "1"]
[White "Ezat, Mohamed"]
[Black "Volpinari, Danilo"]
[Result "1-0"]
[WhiteElo "2448"]
[BlackElo "2054"]
[PlyCount "75"]
[EventDate "2010.??.??"]
[WhiteTeam "Egypt"]
[BlackTeam "San Marino"]
[WhiteTeamCountry "EGY"]
[BlackTeamCountry "SMR"]
[TimeControl "40/5400+30:1800+30"]

1. d4 d5 2. c4 e6 3. Nc3 Nf6 4. cxd5 exd5 5. Bg5 c6 6. Qc2 Be7 7. e3 O-O 8. Bd3
Nbd7 9. Nge2 Re8 10. O-O g6 11. Rab1 Nh5 12. Bxe7 Qxe7 13. b4 a6 14. Na4 Ng7
15. Nc5 Nf6 16. a4 Bf5 17. Nf4 Bxd3 18. Nfxd3 Nf5 19. b5 cxb5 20. axb5 a5 21.
b6 Nd6 22. Nf4 g5 23. Ne2 Nc4 24. Ng3 Nd6 25. Nf5 Nxf5 26. Qxf5 h6 27. Rfc1 Kg7
28. h4 gxh4 29. Qh3 Rec8 30. Qxh4 Rc6 31. Nd3 Rac8 32. Rc5 Rxc5 33. Nxc5 Rc6
34. Qg3+ Kh7 35. Qb8 Ne4 36. Qxb7 Qf6 37. Nxe4 dxe4 38. Qxc6 1-0

[Event "39th Olympiad Khanty-Mansiysk 2010"]
[Site "Khanty-Mansiysk/Russia"]
[Date "2010.09.21"]
[Round "1"]
[White "Ibarra Chami, Luis Fernan"]
[Black "Shrestha, Keshav"]
[Result "1-0"]
[WhiteElo "2444"]
[BlackElo "2122"]
[PlyCount "58"]
[EventDate "2010.??.??"]
[WhiteTeam "Mexico"]
[BlackTeam "Nepal"]
[WhiteTeamCountry "MEX"]
[BlackTeamCountry "NEP"]
[TimeControl "40/5400+30:1800+30"]

1. d4 Nf6 2. Bg5 Ne4 3. Bf4 d5 4. e3 c6 5. Bd3 Nd6 6. Bf1 Ne4 7. Bd3 Nd6 8. Nd2
Nd7 9. Ne2 Nf6 10. Ng3 g6 11. b3 Bg7 12. c4 dxc4 13. bxc4 O-O 14. e4 Nfe8 15.
e5 Nf5 16. Bxf5 Bxf5 17. Nxf5 gxf5 18. Nb1 Nd6 19. Nd2 Ne8 20. Nf3 Nc7 21. Qd3
e6 22. Nd2 Ne8 23. Qxf5 exf5 24. Nf3 Nc7 25. g4 f6 26. gxf5 fxe5 27. Bxe5 Bxe5
28. Nxe5 Qg5 29. Rb1 Rxf5 1-0

[Event "39th Olympiad Khanty-Mansiysk 2010"]
[Site "Khanty-Mansiysk/Russia"]
[Date "2010.09.21"]
[Round "1"]
[White "Moser, Eva"]
[Black "Naipal, Victoria"]
[Result "1-0"]
[WhiteElo "2436"]
[BlackElo "1845"]
[PlyCount "87"]
[EventDate "2010.??.??"]
[WhiteTeam "Austria"]
[BlackTeam "Surinam"]
[WhiteTeamCountry "AUT"]
[BlackTeamCountry "SUR"]
[TimeControl "40/5400+30:1800+30"]

1. g3 d5 2. Nf3 Nf6 3. Bg2 e6 4. O-O Be7 5. d3 O-O 6. Nbd2 c5 7. e4 Nc6 8. Re1
Qc7 9. e5 Nd7 10. Qe2 b5 11. Nf1 Rb8 12. h4 Bb7 13. N1h2 Rfc8 14. Bf4 d4 15.
Ng4 Nb4 16. h5 Nd5 17. Bg5 Qd8 18. Bxe7 Qxe7 19. h6 g6 20. Nd2 Re8 21. Ne4 f5
22. exf6 N5xf6 23. Ng5 Nxg4 24. Qxg4 e5 25. Bxb7 Rxb7 26. Re2 Nf6 27. Qh4 Qd6
28. Rae1 Rbe7 29. Ne4 Nxe4 30. Rxe4 Kf7 31. Qg5 Qf6 32. Qd2 c4 33. Qb4 cxd3 34.
cxd3 a6 35. Qc5 Re6 36. Qd5 Rd8 37. Qb3 Kf8 38. f4 Rde8 39. Rf1 Qe7 40. fxe5+
Kg8 41. Rf6 Qd7 42. Ref4 Qe7 43. Qd5 Kh8 44. Rxe6 1-0

[Event "39th Olympiad Khanty-Mansiysk 2010"]
[Site "Khanty-Mansiysk/Russia"]
[Date "2010.09.21"]
[Round "1"]
[White "Mikkelsen, Nikolaj"]
[Black "Chan, Kwai Keong"]
[Result "1-0"]
[WhiteElo "2432"]
[BlackElo "1844"]
[PlyCount "75"]
[EventDate "2010.??.??"]
[WhiteTeam "Denmark"]
[BlackTeam "Hong Kong"]
[WhiteTeamCountry "DEN"]
[BlackTeamCountry "HKG"]
[TimeControl "40/5400+30:1800+30"]

1. e4 c6 2. d4 d5 3. e5 c5 4. dxc5 e6 5. Be3 Qc7 6. Nf3 Bxc5 7. Bxc5 Qxc5 8.
Bd3 Qb4+ 9. Nc3 Bd7 10. Qd2 Ne7 11. O-O Ng6 12. a3 Qf4 13. Bxg6 Qxd2 14. Bxf7+
Kxf7 15. Nxd2 Nc6 16. Nf3 Ne7 17. Rfe1 Rhc8 18. Rad1 h6 19. Nd4 a6 20. Rd3 Rc7
21. Ree3 Rac8 22. h3 b5 23. Nce2 Rc4 24. c3 a5 25. Rg3 b4 26. axb4 axb4 27. b3
R4c7 28. cxb4 Rb7 29. Rdf3+ Kg8 30. Nf4 Nc6 31. Nxc6 Rxc6 32. Nh5 Rc1+ 33. Kh2
Bb5 34. Rf6 Kh7 35. Rxe6 d4 36. Rd6 Be2 37. Nf4 d3 38. Nxd3 1-0

[Event "39th Olympiad Khanty-Mansiysk 2010"]
[Site "Khanty-Mansiysk/Russia"]
[Date "2010.09.21"]
[Round "1"]
[White "Urkedal, Frode"]
[Black "Rowe, Duane"]
[Result "1/2-1/2"]
[WhiteElo "2430"]
[BlackElo "2248"]
[PlyCount "107"]
[EventDate "2010.??.??"]
[WhiteTeam "Norway"]
[BlackTeam "Jamaica"]
[WhiteTeamCountry "NOR"]
[BlackTeamCountry "JAM"]
[TimeControl "40/5400+30:1800+30"]

1. d4 Nf6 2. c4 c5 3. Nf3 e6 4. Nc3 a6 5. e4 cxd4 6. Nxd4 Qc7 7. Be2 b6 8. Be3
Bb7 9. f3 Bd6 10. g3 O-O 11. Qd2 Bb4 12. a3 Be7 13. O-O d6 14. Rfc1 Nbd7 15. a4
Ne5 16. a5 bxa5 17. Nb3 Rab8 18. Nxa5 Ba8 19. b4 d5 20. cxd5 Bxb4 21. d6 Qd8
22. Nc4 Nxc4 23. Bxc4 Bxe4 24. fxe4 Nxe4 25. Qd3 Nxc3 26. Rxc3 Bxc3 27. Qxc3
Qxd6 28. Bxa6 Ra8 29. Qc4 Rfd8 30. Ra5 Qd1+ 31. Kg2 Qe1 32. Ra3 Rd1 33. Kh3 h5
34. Qf4 Rad8 35. Bc4 Qb4 36. Ra7 R1d7 37. Ra6 Rd6 38. Ra7 R6d7 39. Ra6 Rd6 40.
Qh4 Rc8 41. Rxd6 Qxd6 42. Be2 Qe5 43. Qf4 Qxf4 44. Bxf4 g6 45. Kg2 e5 46. Be3
Rc2 47. Kf3 Kg7 48. h4 f5 49. Bg5 Rc3+ 50. Kf2 Kf7 51. Bb5 Rc2+ 52. Ke3 Rc3+
53. Kf2 Rc2+ 54. Ke3 1/2-1/2

[Event "39th Olympiad Khanty-Mansiysk 2010"]
[Site "Khanty-Mansiysk/Russia"]
[Date "2010.09.21"]
[Round "1"]
[White "Al Qudaimi, Basheer"]
[Black "Smirin, Ilia"]
[Result "*"]
[WhiteElo "2428"]
[BlackElo "2657"]
[PlyCount "38"]
[EventDate "2010.??.??"]
[WhiteTeam "Yemen"]
[BlackTeam "Israel"]
[WhiteTeamCountry "YEM"]
[BlackTeamCountry "ISR"]
[TimeControl "40/5400+30:1800+30"]

1. b3 e5 2. Bb2 d6 3. e3 Nf6 4. g3 Be7 5. Bg2 O-O 6. c4 Nc6 7. Nc3 d5 8. Nxd5
Nxd5 9. cxd5 Nb4 10. Qb1 Nxd5 11. Nf3 f6 12. O-O c5 13. d4 exd4 14. exd4 Be6
15. Qe4 Qb6 16. Rae1 Bf7 17. Nh4 Rfe8 18. Nf5 Bf8 19. Qg4 g6 *

[Event "39th Olympiad Khanty-Mansiysk 2010"]
[Site "Khanty-Mansiysk/Russia"]
[Date "2010.09.21"]
[Round "1"]
[White "Haddouche, Mohamed"]
[Black "Vallejo Pons, Francisco"]
[Result "0-1"]
[WhiteElo "2425"]
[BlackElo "2697"]
[PlyCount "68"]
[EventDate "2010.??.??"]
[WhiteTeam "Algeria"]
[BlackTeam "Espana"]
[WhiteTeamCountry "ALG"]
[BlackTeamCountry "ESP"]
[TimeControl "40/5400+30:1800+30"]

1. e4 c6 2. d4 d5 3. e5 Bf5 4. Nf3 e6 5. Be2 Nd7 6. O-O h6 7. b3 Ne7 8. c4 g5
9. Nc3 Bg7 10. cxd5 exd5 11. Ba3 Ng6 12. Bd3 Be6 13. Ne2 Bf8 14. Bxf8 Ndxf8 15.
Ng3 Nf4 16. Nf5 Bxf5 17. Bxf5 N8e6 18. g3 Ng7 19. Qc2 Nfe6 20. Rfd1 Qe7 21. h4
O-O-O 22. hxg5 Nxf5 23. Qxf5 hxg5 24. Kg2 Qd7 25. Kg1 Rh5 26. Ne1 Rdh8 27. Qf3
Rh3 28. Qg2 g4 29. f4 Ng7 30. Rd3 Nf5 31. Rc1 Qe6 32. Rcc3 Kb8 33. Qd2 Rh1+ 34.
Kf2 R8h2+ 0-1

[Event "39th Olympiad Khanty-Mansiysk 2010"]
[Site "Khanty-Mansiysk/Russia"]
[Date "2010.09.21"]
[Round "1"]
[White "Gonzalez, Bernal"]
[Black "Pashikian, Arman"]
[Result "1/2-1/2"]
[WhiteElo "2423"]
[BlackElo "2639"]
[PlyCount "29"]
[EventDate "2010.??.??"]
[WhiteTeam "Costa Rica"]
[BlackTeam "Armenia"]
[WhiteTeamCountry "CRI"]
[BlackTeamCountry "ARM"]
[TimeControl "40/5400+30:1800+30"]

1. e4 e5 2. Nf3 Nc6 3. d4 exd4 4. Nxd4 Bb4+ 5. c3 Bc5 6. Nxc6 bxc6 7. Bd3 Qh4
8. Qf3 Ne7 9. Qg3 Ng6 10. Qxh4 Nxh4 11. O-O O-O 12. Nd2 a5 13. Nc4 a4 14. Bf4
d6 15. b4 1/2-1/2

[Event "39th Olympiad Khanty-Mansiysk 2010"]
[Site "Khanty-Mansiysk/Russia"]
[Date "2010.09.21"]
[Round "1"]
[White "Mas, Hafizulhelmi"]
[Black "Adams, Michael"]
[Result "1/2-1/2"]
[WhiteElo "2422"]
[BlackElo "2728"]
[PlyCount "38"]
[EventDate "2010.??.??"]
[WhiteTeam "Malaysia"]
[BlackTeam "England"]
[WhiteTeamCountry "MAS"]
[BlackTeamCountry "ENG"]
[TimeControl "40/5400+30:1800+30"]

1. e4 e5 2. Bc4 Nf6 3. d3 Nc6 4. Nc3 Na5 5. Bg5 h6 6. Bh4 c6 7. a3 Nxc4 8. dxc4
d6 9. Qd3 Be6 10. Nge2 Be7 11. b3 g5 12. Bg3 Qa5 13. f3 O-O-O 14. O-O Kb8 15.
Rfb1 h5 16. Bf2 Nd7 17. a4 Rc8 18. b4 Qd8 19. a5 g4 1/2-1/2

[Event "39th Olympiad Khanty-Mansiysk 2010"]
[Site "Khanty-Mansiysk/Russia"]
[Date "2010.09.21"]
[Round "1"]
[White "Fernandes, Antonio"]
[Black "Chipanga, Chiletso"]
[Result "1-0"]
[WhiteElo "2422"]
[BlackElo "2138"]
[PlyCount "185"]
[EventDate "2010.??.??"]
[WhiteTeam "Portugal"]
[BlackTeam "MAW"]
[WhiteTeamCountry "POR"]
[TimeControl "40/5400+30:1800+30"]

1. d4 d5 2. Bg5 Nf6 3. Bxf6 exf6 4. e3 Bf5 5. Nd2 c5 6. dxc5 Bxc5 7. Nb3 Bb6 8.
Bd3 Bxd3 9. Qxd3 O-O 10. O-O-O Nc6 11. Qxd5 Qe7 12. Qf3 Rac8 13. Kb1 a5 14. Nd4
Bxd4 15. exd4 Rfe8 16. Nh3 Qb4 17. c3 Qd6 18. Nf4 b5 19. Nh5 f5 20. Qxf5 Ne7
21. Qg5 Ng6 22. Qxb5 Rb8 23. Qd3 a4 24. c4 Re7 25. Ng3 Reb7 26. Rd2 Nf4 27. Qc3
a3 28. b3 Rc7 29. Ka1 Nd5 30. Qf3 Nb4 31. Nf5 Qd8 32. Re1 g6 33. Nh6+ Kg7 34.
Ng4 Rxc4 35. Qe4 Rxd4 36. Rxd4 Nc2+ 37. Kb1 Nxd4 38. Qe5+ f6 39. Qe7+ Qxe7 40.
Rxe7+ Kf8 41. Rxh7 Rb6 42. Ne3 Re6 43. Rd7 Re4 44. Kc1 f5 45. Kd2 f4 46. Nc4 f3
47. gxf3 Nxf3+ 48. Kc3 Re2 49. Nd2 Nxh2 50. f3 Ke8 51. Rd3 g5 52. b4 g4 53.
fxg4 Nxg4 54. Kb3 Ke7 55. Nc4 Re4 56. b5 Nf6 57. Nb6 Ne8 58. Nd5+ Ke6 59. Nc3
Rh4 60. Kxa3 Nd6 61. Rg3 Nb7 62. Rg6+ Kd7 63. Rg7+ Kc8 64. Rg8+ Kc7 65. Rg7+
Kc8 66. Re7 Na5 67. Re4 Rh2 68. Rg4 Kc7 69. Kb4 Nb7 70. Rg7+ Kc8 71. Rg8+ Kc7
72. Rg7+ Kc8 73. a4 Rb2+ 74. Kc4 Rc2 75. Re7 Rc1 76. Kb4 Rc2 77. Re2 Rc1 78. a5
Nxa5 79. Kxa5 Rxc3 80. Kb6 Rb3 81. Rc2+ Kb8 82. Rh2 Kc8 83. Rh8+ Kd7 84. Rh7+
Kc8 85. Rh8+ Kd7 86. Rb8 Rb1 87. Ka7 Ra1+ 88. Kb7 Rb1 89. b6 Rb2 90. Rh8 Rb1
91. Rh2 Rd1 92. Ra2 Rd3 93. Ka7 1-0

[Event "39th Olympiad Khanty-Mansiysk 2010"]
[Site "Khanty-Mansiysk/Russia"]
[Date "2010.09.21"]
[Round "1"]
[White "Khukhashvili, Sopiko"]
[Black "Bejatovic, Bojana"]
[Result "1-0"]
[WhiteElo "2422"]
[BlackElo "1891"]
[PlyCount "79"]
[EventDate "2010.??.??"]
[WhiteTeam "Georgia"]
[BlackTeam "MKD"]
[WhiteTeamCountry "GEO"]
[TimeControl "40/5400+30:1800+30"]

1. e4 d6 2. d4 Nf6 3. Nc3 g6 4. Nf3 Bg7 5. h3 c6 6. Be3 O-O 7. Qd2 b5 8. Bd3
Nbd7 9. O-O a6 10. Ne2 Bb7 11. Ng3 c5 12. c3 Rc8 13. Bh6 cxd4 14. cxd4 Nb6 15.
b3 e5 16. dxe5 dxe5 17. Rad1 Re8 18. Bxg7 Kxg7 19. Qg5 Nbd7 20. Nf5+ Kg8 21.
Nd6 Qc7 22. Bb1 Re6 23. Nxc8 Qxc8 24. Qe3 Rc6 25. Rc1 b4 26. Rxc6 Qxc6 27. Rc1
Qd6 28. Nd2 Nb6 29. Kh2 a5 30. Nc4 Nxc4 31. Rxc4 Nd7 32. Qc1 Nb6 33. Rc7 Ba8
34. Qc5 Qf6 35. Kg1 Kg7 36. Bd3 h5 37. Ra7 h4 38. Ra6 Qd8 39. Qxb6 Qxd3 40.
Qf6+ 1-0

[Event "39th Olympiad Khanty-Mansiysk 2010"]
[Site "Khanty-Mansiysk/Russia"]
[Date "2010.09.21"]
[Round "1"]
[White "Agopov, Mikael"]
[Black "Chinasamy, Devarajen"]
[Result "1-0"]
[WhiteElo "2419"]
[BlackElo "2077"]
[PlyCount "133"]
[EventDate "2010.??.??"]
[WhiteTeam "Finland"]
[BlackTeam "Mauritius"]
[WhiteTeamCountry "FIN"]
[BlackTeamCountry "MRI"]
[TimeControl "40/5400+30:1800+30"]

1. e4 c5 2. Nf3 g6 3. d4 cxd4 4. Nxd4 Bg7 5. c4 Nc6 6. Be3 Nf6 7. Nc3 d6 8. Be2
O-O 9. O-O Nxd4 10. Bxd4 Be6 11. f4 Qa5 12. Kh1 Rfc8 13. b3 a6 14. Na4 Nxe4 15.
Bxg7 Kxg7 16. Qd4+ Nf6 17. Nb6 Kg8 18. Bf3 Rab8 19. Nxc8 Bxc8 20. Rae1 Qc7 21.
Re2 Be6 22. Rfe1 Qc5 23. Qxc5 dxc5 24. Rd2 b5 25. cxb5 axb5 26. Rc2 Rc8 27. Be2
Bf5 28. Rcc1 b4 29. Bf3 e6 30. Red1 Be4 31. Bxe4 Nxe4 32. Rd4 Nc3 33. Rc4 Ra8
34. a4 Ra5 35. g3 Kf8 36. Kg2 Ke7 37. Kf3 Kd6 38. Ke3 Nd5+ 39. Kd3 Nc3 40. Ra1
Kd5 41. Rxc3 bxc3 42. Kxc3 Kc6 43. Kc4 h5 44. Ra2 Kb6 45. Rd2 Kc7 46. Rd3 Kc8
47. h3 Kc7 48. g4 hxg4 49. hxg4 Kc8 50. Re3 Kc7 51. Re5 Kd6 52. g5 Kc6 53. b4
Rxa4 54. Rxc5+ Kb6 55. Rb5+ Ka6 56. Kc5 Ra1 57. Ra5+ Rxa5+ 58. bxa5 Kxa5 59.
Kd6 Kb5 60. Ke7 Kc5 61. Kxf7 Kd5 62. Kxg6 Ke4 63. Kf6 Kxf4 64. g6 e5 65. g7 e4
66. g8=Q e3 67. Qg2 1-0

[Event "39th Olympiad Khanty-Mansiysk 2010"]
[Site "Khanty-Mansiysk/Russia"]
[Date "2010.09.21"]
[Round "1"]
[White "Sorensen, Torben"]
[Black "Godena, Michele"]
[Result "1/2-1/2"]
[WhiteElo "2418"]
[BlackElo "2551"]
[PlyCount "26"]
[EventDate "2010.??.??"]
[WhiteTeam "Malta"]
[BlackTeam "Italy"]
[WhiteTeamCountry "MLT"]
[BlackTeamCountry "ITA"]
[TimeControl "40/5400+30:1800+30"]

1. Nf3 d5 2. d4 Nf6 3. c4 dxc4 4. Qa4+ Nc6 5. Qxc4 Bg4 6. Ne5 Be6 7. Nxc6 Bxc4
8. Nxd8 Rxd8 9. b3 Ba6 10. e3 Bxf1 11. Rxf1 g6 12. Ke2 Bg7 13. Bb2 Ne4 1/2-1/2

[Event "39th Olympiad Khanty-Mansiysk 2010"]
[Site "Khanty-Mansiysk/Russia"]
[Date "2010.09.21"]
[Round "1"]
[White "Girya, Olga"]
[Black "Liu, Yang"]
[Result "1-0"]
[WhiteElo "2414"]
[BlackElo "2083"]
[PlyCount "69"]
[EventDate "2010.??.??"]
[WhiteTeam "RU2"]
[BlackTeam "Singapore"]
[BlackTeamCountry "SIN"]
[TimeControl "40/5400+30:1800+30"]

1. e4 c5 2. Nc3 Nc6 3. Bb5 Nd4 4. Bc4 e6 5. Nf3 Ne7 6. Nxd4 cxd4 7. Ne2 Nc6 8.
O-O Bc5 9. d3 O-O 10. Bf4 Na5 11. a3 d5 12. exd5 exd5 13. Ba2 Nc6 14. b4 Bb6
15. Bg3 Ne7 16. Nf4 a5 17. Re1 Re8 18. Nxd5 Nxd5 19. Rxe8+ Qxe8 20. Bxd5 axb4
21. axb4 Rxa1 22. Qxa1 Qe2 23. h3 Qe7 24. Qa8 Qd7 25. Qa2 Qe7 26. Qc4 Be6 27.
Bxe6 fxe6 28. Qc8+ Kf7 29. Be5 h6 30. f4 Kg6 31. Kh2 h5 32. Qh8 h4 33. g4 hxg3+
34. Kxg3 Qf7 35. h4 1-0

[Event "39th Olympiad Khanty-Mansiysk 2010"]
[Site "Khanty-Mansiysk/Russia"]
[Date "2010.09.21"]
[Round "1"]
[White "Iljiushenok, Ilia"]
[Black "Shobaita, Ahmed"]
[Result "1-0"]
[WhiteElo "2412"]
[BlackElo "2072"]
[PlyCount "55"]
[EventDate "2010.??.??"]
[WhiteTeam "RU4"]
[BlackTeam "Palestine"]
[BlackTeamCountry "PLE"]
[TimeControl "40/5400+30:1800+30"]

1. e4 g6 2. d4 Bg7 3. Nc3 d6 4. f4 Nf6 5. a3 c6 6. Nf3 O-O 7. Be3 Nbd7 8. e5
Nd5 9. Nxd5 cxd5 10. h4 Qb6 11. Kf2 Qc6 12. h5 dxe5 13. dxe5 Nc5 14. Nd4 Ne4+
15. Kg1 Qc7 16. Bd3 g5 17. h6 Bh8 18. Bxe4 dxe4 19. Qh5 f6 20. e6 Qd6 21. f5 b6
22. Rh4 Qg3 23. Bf2 Qd6 24. Rg4 Bg7 25. hxg7 Kxg7 26. Be3 Bb7 27. Bxg5 Qxd4+
28. Be3+ 1-0

[Event "39th Olympiad Khanty-Mansiysk 2010"]
[Site "Khanty-Mansiysk/Russia"]
[Date "2010.09.21"]
[Round "1"]
[White "Al-Zendani, Zendan"]
[Black "Mikhalevski, Victor"]
[Result "*"]
[WhiteElo "2400"]
[BlackElo "2610"]
[PlyCount "35"]
[EventDate "2010.??.??"]
[WhiteTeam "Yemen"]
[BlackTeam "Israel"]
[WhiteTeamCountry "YEM"]
[BlackTeamCountry "ISR"]
[TimeControl "40/5400+30:1800+30"]

1. e4 c6 2. Nc3 d5 3. Nf3 Bg4 4. d4 Nf6 5. e5 Nfd7 6. h3 Bxf3 7. Qxf3 e6 8. Bf4
a6 9. Be2 c5 10. dxc5 Nc6 11. Qg3 Nxc5 12. O-O Nd4 13. Bd1 h5 14. b4 Nf5 15.
Qf3 Nd4 16. Qe3 Nf5 17. Qd2 Nd7 18. Nxd5 *

[Event "39th Olympiad Khanty-Mansiysk 2010"]
[Site "Khanty-Mansiysk/Russia"]
[Date "2010.09.21"]
[Round "1"]
[White "Djuraev, Sokhib"]
[Black "Vandenbussche, Thibaut"]
[Result "1/2-1/2"]
[WhiteElo "2397"]
[BlackElo "2333"]
[PlyCount "270"]
[EventDate "2010.??.??"]
[WhiteTeam "Tajikistan"]
[BlackTeam "Belgium"]
[WhiteTeamCountry "TJK"]
[BlackTeamCountry "BEL"]
[TimeControl "40/5400+30:1800+30"]

1. e4 d6 2. d4 Nf6 3. Nc3 e5 4. dxe5 dxe5 5. Qxd8+ Kxd8 6. Bg5 c6 7. O-O-O+
Nbd7 8. f4 Be7 9. Bxf6 Bxf6 10. Nf3 Kc7 11. f5 Be7 12. Bc4 f6 13. g4 b5 14. Be2
a5 15. Rhg1 a4 16. a3 b4 17. axb4 Bxb4 18. Na2 Bc5 19. Rg3 Bf2 20. Rh3 h6 21.
Nd2 Rd8 22. Rf3 Bd4 23. Ra3 Rb8 24. Nc4 Ba6 25. c3 Bxc4 26. Bxc4 Be3+ 27. Kc2
Nc5 28. Nb4 Rxd1 29. Kxd1 Bf4 30. Kc2 Bxh2 31. Nd3 Nxe4 32. Rxa4 Bg1 33. b4 h5
34. gxh5 Nd6 35. Be6 Rh8 36. Ra1 Be3 37. Re1 Bb6 38. Rh1 Ne4 39. c4 Bd4 40. c5
Ng5 41. Bc4 Rb8 42. Rb1 Ne4 43. Bf7 Ng3 44. Bg6 Ra8 45. Kb3 Ne4 46. Rd1 Nc3 47.
Rh1 Nb5 48. h6 gxh6 49. Rxh6 Ra3+ 50. Kc2 Rc3+ 51. Kd2 e4 52. Rh7+ Kb8 53. Ne1
Be3+ 54. Ke2 Nd4+ 55. Kf1 Rc1 56. Rh2 Nf3 57. Re2 Bd2 58. Rxe4 Rxe1+ 59. Rxe1
Nxe1 60. Be8 Bxb4 61. Bxc6 Nd3 62. Ke2 Ne5 63. Ba4 Bxc5 64. Kf1 Kc7 65. Kg2 Kd6
66. Kg3 Be3 67. Bb3 Bg5 68. Be6 Kc5 69. Bb3 Kd4 70. Ba2 Ke3 71. Bb3 Bf4+ 72.
Kh3 Nd3 73. Kg4 Nf2+ 74. Kh5 Be5 75. Kg6 Kf4 76. Be6 Ne4 77. Bd7 Nd2 78. Ba4
Nf3 79. Bd7 Nh4+ 80. Kf7 Nxf5 81. Kg6 Nd4 82. Kf7 f5 83. Ke7 Ke4 84. Bxf5+
Nxf5+ 85. Ke6 Nd4+ 86. Kd7 Kd5 87. Ke7 Ne2 88. Kf7 Nf4 89. Ke7 Bd4 90. Kd7 Bc5
91. Kc7 Nd3 92. Kb7 Nb4 93. Kc7 Ke6 94. Kb7 Kd7 95. Kb8 Kc6 96. Ka8 Bb6 97. Kb8
Nd5 98. Ka8 Ne7 99. Kb8 Ba5 100. Ka7 Bb6+ 101. Kb8 Bc5 102. Ka8 Nd5 103. Kb8
Bd4 104. Ka8 Kb6 105. Kb8 Ne7 106. Ka8 Ka6 107. Kb8 Bb6 108. Ka8 Bd8 109. Kb8
Kb6 110. Ka8 Kc6 111. Ka7 Nd5 112. Kb8 Bb6 113. Ka8 Nb4 114. Kb8 Na6+ 115. Ka8
Nc7+ 116. Kb8 Bc5 117. Kc8 Na6 118. Kd8 Kd6 119. Kc8 Kc6 120. Kd8 Nc7 121. Kc8
Ba7 122. Kd8 Na6 123. Ke7 Kd5 124. Kd7 Nb4 125. Kc7 Kc5 126. Kb7 Bb6 127. Kb8
Nd3 128. Kb7 Kb5 129. Kb8 Nb4 130. Kb7 Nd5 131. Kb8 Nc7 132. Kb7 Ba5 133. Ka7
Kc6 134. Kb8 Bb6 135. Kc8 Ba7 1/2-1/2